 Dungeon Crawl Stone Soup version 0.31.0-32-g396128a36d (webtiles) character file.

Game seed: 13216267117303335429

244 Peloso the Covered (level 5, -11/47 HPs)
             Began as a Minotaur Fighter on Apr 20, 2024.
             Mangled by Pikel
             ... wielding a +1 whip of electrocution
              (15 damage)
             ... on level 3 of the Dungeon.
             The game lasted 00:05:29 (2583 turns).

Peloso the Covered (Minotaur Fighter)               Turns: 2583, Time: 00:05:31

Health: -11/47     AC:  7    Str: 20    XL:     5   Next: 83%
Magic:  4/4        EV: 10    Int:  5    God:
Gold:   224        SH:  5    Dex: 12    Spells: 4/4 levels left

rFire   . . .        a - +0 long sword
rCold   . . .        d - +0 buckler
rNeg    . . .        b - +0 scale mail
rPois   .            (helmet restricted)
rElec   .            (no cloak)
rCorr   .            (no gloves)
SInv    .            (no boots)
Will    .....        s - amulet of regeneration Stlth
                     (no ring)
HPRegen 1.07/turn    (no ring)
MPRegen 0.09/turn

%: no passive effects
@: mighty, invisible
A: horns 2, retaliatory headbutt
a: no special abilities


You were on level 3 of the Dungeon.
You visited 1 branch of the dungeon, and saw 4 of its levels.

You collected 224 gold pieces.

Inventory:

Hand Weapons
 a - a +0 long sword (weapon)
Armour
 b - a +0 scale mail (worn)
 c - a +0 scale mail
 d - a +0 buckler (worn)
Jewellery
 s - an amulet of regeneration (around neck)
Wands
 k - a wand of paralysis (18)
 p - a wand of flame (30)
Scrolls
 e - a scroll of teleportation {unknown}
 f - a scroll of revelation
 g - 2 scrolls of fear {unknown}
 i - a scroll of poison
 j - a scroll of identify
 l - a scroll of fog {unknown}
 m - a scroll of enchant armour {unknown}
 n - a scroll of vulnerability {unknown}
Potions
 h - 2 potions of might
 q - a potion of haste {unknown}


   Skills:
 + Level 4.9 Fighting
 + Level 4.2 Long Blades
 + Level 5.0 Armour
 + Level 2.1 Dodging
 + Level 0.1 Stealth
 + Level 4.3 Shields
 + Level 0.1 Evocations


You had 4 spell levels left.
You didn't know any spells.
Your spell library contained the following spells:

 Spells                   Type           Power      Damage    Failure   Level
 Static Discharge         Conj/Air       0%         3-3/arc   95%         2
 Airstrike                Air            0%         2d(0-16)  100%        4
 Summon Lightning Spire   Summ/Air       0%         N/A       100%        4


Dungeon Overview and Level Annotations

Branches:
Dungeon (4/15)
 Temple: D:4-7

Altars:
Vehumet

Shops:
D:1 [

Annotations:
D:3 Pikel


Innate Abilities, Weirdness & Mutations

You have a pair of horns on your head.
You reflexively headbutt those who attack you in melee.


Message History

Pikel hits you with a +1 whip of electrocution.
You closely miss Pikel. Pikel hits you but does no damage.
Pikel hits you with a +1 whip of electrocution.
You hit Pikel but do no damage. You headbutt Pikel, but do no damage.
Pikel hits you with a +1 whip of electrocution.
You closely miss Pikel. Your headbutt misses Pikel.
Pikel hits you with a +1 whip of electrocution.
You closely miss Pikel.
Pikel hits you with a +1 whip of electrocution.
You are electrocuted!!
* * * LOW HITPOINT WARNING * * *
You hit Pikel but do no damage. Your headbutt misses Pikel.
Pikel hits you but does no damage.
You feel better. You block Pikel's attack. Pikel attacks as he pursues you!
Pikel hits you but does no damage.
There is a stone staircase leading up here.
You fade into invisibility!
Pikel hits you with a +1 whip of electrocution!
* * * LOW HITPOINT WARNING * * *
You feel very mighty all of a sudden.
Pikel hits you with a +1 whip of electrocution.
* * * LOW HITPOINT WARNING * * *
You hit Pikel.
Pikel is lightly wounded.
Pikel hits you with a +1 whip of electrocution.
* * * LOW HITPOINT WARNING * * *
The lemure misses you. Pikel closely misses you.
You slash Pikel! Your headbutt misses Pikel.
Pikel is heavily wounded.
You block Pikel's attack.
You miss Pikel.
Pikel is heavily wounded.
You block Pikel's attack. You block the lemure's attack.
You barely miss Pikel. You headbutt Pikel!
Pikel is severely wounded.
Pikel hits you with a +1 whip of electrocution.
* * * LOW HITPOINT WARNING * * *
You are electrocuted!
You die...
Pikel says, "See you in Hell!"

.# #.....#.##..........# ###
######รท##....##..........#
..# #........................#
#.###..........#.##..........#
...##.............###.......##
.............#.............##
####.........#.#..####..#..###
# #....##.###......###.##...#
#..#....#####@...# #......#
##...>....###K5..##########
#..................###
#........#####.......###
#........# #####.....#
########## #######


You could see Pikel (unable to see you) and a lemure (unable to see you).

Vanquished Creatures
  A lemure (D:3)
  A phantom (D:3)
  An orc priest (D:3)
  An orc wizard (D:3)
  4 gnolls
  2 adders (D:2)
  A dart slug (D:1)
  A ribbon worm (D:3)
  2 orcs
  2 ball pythons
  6 endoplasms
  4 giant cockroaches
  6 goblins
  5 hobgoblins
  A quokka (D:2)
  5 bats
  3 frilled lizards
  7 kobolds
  3 rats (D:1)
56 creatures vanquished.

Notes
Turn   | Place    | Note
-------+----------+-------------------------------------------
     0 | D:1      | Peloso the Minotaur Fighter began the quest for the Orb.
     0 | D:1      | Reached XP level 1. HP: 19/19 MP: 0/0
   138 | D:1      | Reached XP level 2. HP: 27/27 MP: 1/1
   417 | D:1      | Found Doxida's Antique Armour Shoppe.
  1100 | D:2      | Reached skill level 4 in Armour
  1146 | D:2      | Found a radiant altar of Vehumet.
  1286 | D:2      | Found a faded altar of an unknown god.
  1307 | D:2      | Reached XP level 3. HP: 24/33 MP: 2/2
  1800 | D:2      | Reached skill level 1 in Dodging
  1866 | D:3      | Reached XP level 4. HP: 33/40 MP: 3/3
  2089 | D:3      | Noticed a phantom
  2118 | D:3      | Killed a phantom
  2119 | D:3      | Reached XP level 5. HP: 37/47 MP: 4/4
  2310 | D:3      | Reached skill level 5 in Armour
  2509 | D:4      | Noticed a lemure
  2510 | D:4      | Noticed a lemure
  2510 | D:4      | Noticed a lemure
  2511 | D:4      | Noticed Pikel
  2511 | D:4      | Noticed a lemure
  2543 | D:3      | Killed a lemure
  2583 | D:3      | Mangled by Pikel

Illustrated notes

Levels and vault maps discovered:
D:1:      dpeg_arrival_central, layout_basic, serial_shops, shop,
          dreamdust_princess_bridge
D:2:      layout_basic, chequers_ecumenical_altar_island, basic_altar
D:3:      layout_rooms, minmay_checkerbox
D:4:      layout_rooms, nicolae_overflow_crystal_walls, nicolae_grassy_gnolls,
          uniq_crazy_yiuf_cottage, uniq_pikel

Skill      XL: |  1  2  3  4  5 |
---------------+----------------+-----
Fighting       | 4 |  4.9
Shields        | 4 |  4.3
Armour         | 4 5 |  5.0
Long Blades    | 3 4 |  4.2
Dodging        | 1 2 |  2.1
Stealth        | |  0.1
Evocations     | |  0.1

Action                     |  1- 3 |  4- 6 || total
---------------------------+-------+-------++-------
  Melee: Long sword        |    75 |    74 ||   149
         Headbutt          |     7 |    10 ||    17
  Evoke: Wand              |       |     4 ||     4
    Use: Potion            |     1 |     3 ||     4
         Scroll            |     3 |     1 ||     4
 Armour: Scale mail        |    74 |    65 ||   139
  Dodge: Dodged            |    44 |    34 ||    78
  Block: Buckler           |    28 |    15 ||    43
